Cogmind - Beta 12 @@@ ROGUE MODE // 2023.03.05 @ 13:28:50 Player: Finestep Result: Destroyed by G-34 Mercenary with Small Laser Performance ------------- Evolutions (0) 0 Regions Visited (1) 200 Robots Destroyed (17) 85 Value Destroyed (398) 398 Prototype IDs (0) 0 Alien Tech Used (0) 0 Bonus (0) 0 TOTAL SCORE: 683 Bonus ------- None Cogmind --------- Core Integrity 0/250 Matter 245/300 Energy 77/125 System Corruption 2% Temperature Cool (6) Movement Treading (160) Location -10/Materials Parts ------- > --- POWER (1) -------- Light Ion Engine > --- PROPULSION (2) --- Light Treads Light Treads > --- UTILITY (2) ------ Improved Heat Sink Small Storage Unit > --- WEAPON (2) ------- Medium Laser Assault Rifle > --- INVENTORY (8) ---- Machine Analyzer Light Armor Plating Assault Rifle Mining Laser Peak State ------------ > --- POWER ------------ Light Nuclear Core > --- PROPULSION ------- Aluminum Leg Aluminum Leg > --- UTILITY ---------- Improved Heat Sink Small Storage Unit > --- WEAPON ----------- Medium Laser Medium Laser > --- INVENTORY -------- Light Treads Light Treads Machine Analyzer Light Armor Plating Assault Rifle Assault Rifle Mining Laser [Rating: 11] Favorites ----------- Power Light Ion Engine Engine Light Ion Engine Power Core Light Nuclear Core Propulsion Aluminum Leg Treads Light Treads Leg Aluminum Leg Utility Small Storage Unit Device Improved Heat Sink Storage Small Storage Unit Weapon Medium Laser Energy Gun Medium Laser Ballistic Gun Assault Rifle Special Weapon Mining Laser Build | -11 -10 ------- Run | Jun Mat Slots Evolved . | . . Power . | . . Propulsion . | . . Utility . | . . Weapon . | . . Parts Attached 14 | 7 7 Power 3 | 1 2 Engine 2 | 1 1 Core 1 | . 1 Reactor . | . . Propulsion 4 | 2 2 Treads 2 | . 2 Leg 2 | 2 . Wheel . | . . Hover . | . . Flight . | . . Utility 3 | 2 1 Device 2 | 1 1 Storage 1 | 1 . Processor . | . . Hackware . | . . Protection . | . . Artifact . | . . Weapon 4 | 2 2 Energy Gun 2 | 2 . Energy Cannon . | . . Ballistic Gun 1 | . 1 Ballistic Cannon . | . . Launcher . | . . Special Weapon 1 | . 1 Impact Weapon . | . . Slashing Weapon . | . . Piercing Weapon . | . . Special Melee Weapon . | . . Unidentified Prototypes . | . . Parts Lost 5 | . 5 Power 2 | . 2 Propulsion 2 | . 2 Utility . | . . Weapon 1 | . 1 Highest Loss Streak 5 | . 5 To Critical Strikes . | . . Average Slot Usage (%) 98 | . 98 Engine 12 | . 12 Treads 2 | . 2 Leg 25 | . 25 Device 14 | . 14 Storage 14 | . 14 Energy Gun 26 | . 26 Naked Turns . | . . Heaviest Build 13 | 13 13 Greatest Support 40 | 20 40 Greatest Overweight (x) 3 | 3 . Average Overweight (x) . | . . Largest Inventory Capacity 8 | 8 8 Average Capacity 7 | 7 8 Most Carried 8 | 5 8 Average Carried 6 | 2 6 Final Capacity 8 | 8 8 Final Carried 5 | 5 4 Class Distribution -------------------- 100% | Mutant Dominant Class ---------------- Mutant | -10/Materials Resources | -11 -10 ----------- Run | Jun Mat Matter Collected 318 | 270 48 Remotely 65 | 65 . Salvage Created 571 | 91 480 Parts 38 | 4 34 Haulers Intercepted . | . . Recyclers Shooed 1 | . 1 Parts Field Recycled . | . . Retrieved Matter . | . . Parts Self-Destructed . | . . Prevented . | . . Kills | -11 -10 ------- Run | Jun Mat Combat Hostiles Destroyed 11 | . 11 Guns 11 | . 11 Classes Destroyed 7 | 2 5 Worker 1 | . 1 Tunneler 1 | 1 . Recycler 1 | 1 . Mechanic 1 | . 1 Watcher 2 | . 2 Swarmer 2 | . 2 Grunt 9 | . 9 Best Kill Streak 6 | 1 6 Combat Bots Only 6 | . 6 Max Kills in Single Turn 2 | 1 2 Gunslinging . | . . Exploded . | . . Melee . | . . Uniques/NPCs Destroyed . | . . Combat | -11 -10 -------- Run | Jun Mat Damage Taken 858 | . 858 Core 250 | . 250 Absorbed by Shields . | . . Core Remaining (%) 100 | 100 . Volleys Fired 68 | 4 64 Largest 2 | 2 2 Hottest 100 | 100 100 Shots Fired 134 | 8 126 Gun 134 | 8 126 Cannon . | . . Launcher . | . . Special . | . . Kinetic 11 | . 11 Thermal 123 | 8 115 Explosive . | . . Electromagnetic . | . . Robot Hit Streak 8 | 7 8 Robot Miss Streak 5 | . 5 Penetration Max . | . . Secondary Targets 1 | . 1 Max Gunslinging Chain 1 | . 1 Shots Hit Robots 90 | 7 83 Core Hits 32 | 3 29 Critical Kills . | . . Critical Parts Destroyed . | . . Critical Strikes 6 | 1 5 Burn 6 | 1 5 Melee Attacks . | . . Impact . | . . Slashing . | . . Piercing . | . . Sneak Attacks . | . . Combat Hostiles . | . . Follow-up Attacks . | . . Damage Inflicted 1176 | 88 1088 Guns 1176 | 88 1088 Cannons . | . . Explosions . | . . Melee . | . . Ramming . | . . Kinetic 115 | . 115 Thermal 1061 | 88 973 Explosive . | . . Electromagnetic . | . . Impact . | . . Slashing . | . . Piercing . | . . Highest Corruption 2 | . 2 Average Corruption 2 | . 2 Corruption Purged . | . . Corruption Blocked . | . . Effects 4 | . 4 Matter Fused 3 | . 3 Heat Flow Errors 1 | . 1 Overload Shots . | . . Overflow Damage . | . . Projectiles . | . . Explosions . | . . Melee . | . . Knockbacks . | . . Impact . | . . Kinetic . | . . Secondary . | . . Self-Inflicted Damage . | . . Shots . | . . Rammed . | . . Targets Rammed . | . . Kicked . | . . Crushed . | . . Highest Temperature 201 | 78 201 Average Temperature 46 | 30 49 Received Heat Transfer 387 | . 387 Siege Activations . | . . Robots Corrupted . | . . Combat Hostiles . | . . Parts Fried . | . . Impact Corruptions . | . . Robots Melted . | . . Combat Hostiles . | . . Parts Melted 4 | 1 3 Heat Transferred 3589 | 333 3256 Parts Sabotaged . | . . Parts Stolen . | . . Parts Stripped . | . . Power Chain Reactions . | . . Missiles Intercepted . | . . Alert | -11 -10 ------- Run | Jun Mat Peak Influence 206 | 10 206 Initial 6 | . 6 Average 92 | 3 104 Maximum Alert Level 1 | . 1 Low Security (%) 96 | 100 96 Level 1 3 | . 3 Level 2 . | . . Level 3 . | . . Level 4 . | . . Level 5 . | . . High Security . | . . Max Security . | . . Squads Dispatched 5 | . 5 Investigation 3 | . 3 Extermination . | . . Reinforcement 2 | . 2 Assault . | . . Garrison . | . . Intercept . | . . Searches Triggered . | . . Construction Impeded . | . . Haulers Reinforced . | . . Active Scanning Responses . | . . Cargo Convoy Interrupts . | . . Stealth | -11 -10 --------- Run | Jun Mat Distress Signals . | . . Communications Jammed . | . . Distress Signals . | . . Times Spotted 24 | . 24 Peak Tracking Total 6 | . 6 Tactical Retreats 3 | . 3 Traps | -11 -10 ------- Run | Jun Mat Traps Triggered 2 | . 2 Indirectly . | . . Trap Hack Attempts . | . . Triggered . | . . Disarmed . | . . Reprogrammed . | . . Reused . | . . Traps Extracted . | . . Installed . | . . Triggered . | . . Machines | -11 -10 ---------- Run | Jun Mat Machines Disabled . | . . Max in Single Turn . | . . Machines Repaired . | . . Machines Sabotaged . | . . Overloaded Fab Kills . | . . Hacking | -11 -10 --------- Run | Jun Mat Machines Accessed 7 | . 7 Terminals 6 | . 6 Fabricators . | . . Repair Stations . | . . Recycling Units 1 | . 1 Scanalyzers . | . . Garrison Access . | . . Total Hacks 15 | . 15 Successful 2 | . 2 Failed 13 | . 13 Catastrophic 1 | . 1 Database Lockouts . | . . Manual 9 | . 9 Terminals 12 | . 12 Fabricators . | . . Repair Stations . | . . Recycling Units 3 | . 3 Scanalyzers . | . . Garrison Access . | . . Terminal Hacks . | . . Fabricator Hacks . | . . Repair Station Hacks . | . . Recycling Unit Hacks . | . . Scanalyzer . | . . Garrison Access Hacks . | . . Unauthorized Hacks 2 | . 2 Terminals 1 | . 1 Track 1 | . 1 Fabricators . | . . Repair Stations . | . . Recycling Units 1 | . 1 Tunnel 1 | . 1 Scanalyzers . | . . Garrison Access . | . . Data Cores Recovered . | . . Used . | . . Hacking Detections 7 | . 7 Full Trace Events 1 | . 1 Feedback Events . | . . Feedback Blocked . | . . Robot Schematics Acquired . | . . Robots Built . | . . Authchips . | . . Time . | . . Total Robot Build Rating . | . . Part Schematics Acquired . | . . Parts Built . | . . Authchips . | . . Time . | . . Total Part Build Rating . | . . Parts Repaired . | . . Time . | . . Parts Recycled . | . . Recycled Matter . | . . Retrieved Matter . | . . Retrieved Components . | . . Parts Scanalyzed . | . . Part Schematics Acquired . | . . Parts Damaged . | . . Bothacking | -11 -10 ------------ Run | Jun Mat Used RIF Installer . | . . Robots Hacked . | . . Non-combat . | . . Combat . | . . Robot Hacks Applied . | . . Relay Couplers Released . | . . Fabnet Peak Effective % . | . . Robots Rewired . | . . Allies Hacked . | . . Hacks Repelled . | . . Allies | -11 -10 -------- Run | Jun Mat Total Allies . | . . Largest Group . | . . Highest-Rated Group . | . . Highest-Rated Ally . | . . Total Orders . | . . Ally Attacks . | . . Total Damage . | . . Kills . | . . Allies Corrupted . | . . Allies Melted . | . . Intel | -11 -10 ------- Run | Jun Mat Robot Analysis Total . | . . Derelict Logs Recovered . | . . Drone Launches . | . . Drone Recoveries . | . . Exploration | -11 -10 ------------- Run | Jun Mat Turns Passed 665 | 76 589 Spaces Moved 350 | 41 309 Core 11 | 11 . Treads 7 | . 7 Legs 332 | 30 302 Wheels . | . . Hover . | . . Flight . | . . Fastest Speed 50 | 50 120 Average Speed 120 | 121 120 Slowest Speed 200 | 200 160 Overloaded Moves . | . . Propulsion Burnouts . | . . Robots Hopped . | . . Cave-ins Triggered . | . . Exploration Rate (%) 32 | 5 59 Regions Visited 1 Branch Regions . Pre-discovered Areas 1 | . 1 Known Exits Taken . | . . Unknown Exits Taken 1 | 1 . Scrap Searched . | . . Spaces Dug . | . . Terrain Destroyed . | . . Melee . | . . Projectile . | . . AOE . | . . Terrain Rammed . | . . Walls Destroyed . | . . Machines Disabled . | . . Actions | -11 -10 --------- Run | Jun Mat Total 455 | 56 399 Wait 11 | . 11 Move 349 | 40 309 Hop . | . . Pick Up 10 | 5 5 Fast Attach 9 | 7 2 Attach 4 | . 4 Detach . | . . Swap 1 | . 1 Drop 3 | . 3 Fire 68 | 4 64 Melee . | . . Ram . | . . Kick . | . . Crush . | . . Escape Stasis . | . . Rewire . | . . Trap . | . . Miscellaneous . | . . Route ------- -11/Junkyard -10/Materials (discovered 3 exits: [*Mat x2] / [*Min]) History --------- Turn | Location | Event 12 | -11/Junkyard | Discovered new exit (range 16) 77 | -11/Junkyard | Entered Materials 311 | -10/Materials | Build established: Mutant 348 | -10/Materials | Discovered new exit (range 13) 375 | -10/Materials | Discovered new exit (range 14) 500 | -10/Materials | Core integrity fell below 50% 567 | -10/Materials | Discovered new exit (range 8) 607 | -10/Materials | Core integrity fell below 20% 643 | -10/Materials | Lost 5 parts (2p2n1w) 666 | -10/Materials | Destroyed by G-34 Mercenary with Small Laser Last Messages --------------- 00600_ System corrupted: Matter fused (-6). 00601_ Lgt. Nuclear Core destroyed. 00605_ Sml. Laser melted. 00605_ Aluminum Leg melted. 00605_ G-34 Mercenary destroyed. 00608_ Med. Laser destroyed. 00609_ K-01 Serf collects debris. 00611_ G-34 Mercenary suffers critical hit (Burn). 00612_ Aluminum Leg destroyed. 00612_ K-01 Serf collects debris. 00615_ G-34 Mercenary heat damages Sml. Laser. 00616_ G-34 Mercenary destroyed. 00616_ K-01 Serf collects debris. 00620_ System corrupted: Heat flow error (+199). 00620_ K-01 Serf collects debris. 00635_ G-34 Mercenary destroyed. 00650_ Acquired 38 matter. 00654_ Acquired Lgt. Ion Engine. 00658_ G-34 Mercenary suffers critical hit (Burn). 00663_ K-01 Serf collects debris. Map ----- +----------------------------------------------------+ | ############### #????????????????????????? | | #?# #????????????????????????? | | """ """ #?# #????????????????????????? | | """ """ #?# #????????????????????????? | | """ """ #?# #?########?? ??????????? | | #?#+#########?# #?? #?????????? | | ######+######## ########### #?? #?????????? | | g + #?? #?????????? | | a = ######### #?? #?????????? | | g%""" """ #"""""""# "T" !#?? #?????????? | | " [! """ """ #" !"| "# #?# #?????????? | | T !! """ """ #" "##+####### ######????? | | " !! ???? | | < #????????? | | ===#????????? | | #### #######+## ##### == #????????? | | ####??# ## #########???#*][ == #????????? | | ??????# ## """ #???#########*][ #????????? | | ??????# ## [ """ #???# #*[ #????????? | | ??????# ## """ #???# # "" #????????? | | ??????# ## #???# # "" #????????? | | ??????# ##########???# # T" ########## | | ??????# #????????????# # "" # | | ?????? #????????????# # %%"" =# """?? | | ?????? #????????????# ! =[ + %**%# """""? | | ??????" #????????????#%*@%% # !% *+ """"" | | ??????" #????????????#%% [= ## ### ! # """"" | | ??????" #????????????##/#######+#### # """ | | ??????" ??????????????#g#??# # # | | ??????? ?????????????##k#### # ###+###### | | ??????? ? #######+### # # #?# #????# | | ???????? T" # # ### ###### | | ???????? ^ " / # # | | ???????? # # # | | ?????????###+##T# #####[ # ###+####### + | | ????????????????#?????## ## # #??# # | | ???????????????????????# ## # "T" #??# # | | ???????????????????????# ## # #??#### | | ???????????????????????/ ## # #?????# | | ???????????????????????# ########## #?????? | | ???????????????????????# < #????????# ! #?????? | | ???????????????????????# #????????########?????? | | ???????????????????????#####?????????????????????? | | ?????????????????????????????????????????????????? | | ?????????????????????????????????????????????????? | | ?????????????????????????????????????????????????? | | ?????????????????????????????????????????????????? | | ?????????????????????????????????????????????????? | | ?????????????????????????????????????????????????? | | ?????????????????????????????????????????????????? | +----------------------------------------------------+ Best States ------------- Heat Dissipation 39 Energy Generation 14 Energy Capacity 160 Matter Stores 300 Matter Capacity 300 Sight Range 16 Terrain Scan Density 10 Evasion (%) 55 Recoil Reduction 2 Item Schematics ----------------- None Robot Schematics ------------------ None Fabricated ------------ Nothing Alien Tech Used ----------------- None Achievements -------------- None Challenges ------------ None Game ------ Seed SuspensionHypercooledSaw Manual? 0 Play Time 00:09:07 Cumulative 608.3 hours Start 2023.03.05 @ 13:23:08 End 2023.03.05 @ 13:28:50 Sessions 1 Manual Loads 0 Difficulty Rogue Special Mode None Game No. 384 Rogue 384 Adventurer 0 Explorer 0 Win Type - Total 8 Types 5/0/1/1/1/0/0/0/0 Lore% 86 Gallery% 87 Achievement% 74 Wizard Run 0 Options --------- ASCII 0 Keyboard 0 Movement Mouse Keybinds 1 Fullscreen 2 Font 24/Smallcaps Map View 68x50 Tactical HUD 1 Map Filters NONE Filters NONE Steam 1 RUN: e0229faf-d5f7-480a-bb22-c57ca9618618